 Dungeon Crawl Stone Soup version 0.27.1-1-g398f81649c (webtiles) character file.

Game seed: 12442919517797461548

11 nxtlvl the Grave Robber (level 2, 0/23 HPs)
             Began as a Minotaur Necromancer on Sept 10, 2021.
             Killed by divine providence
             ... invoked by an orc priest
              (14 damage)
             ... on level 3 of the Dungeon.
             The game lasted 00:01:52 (276 turns).

nxtlvl the Grave Robber (Minotaur Necromancer)       Turns: 276, Time: 00:01:52

Health: 0/23       AC:  8    Str: 12    XL:     2   Next: 17%
Magic:  3/3        EV:  5    Int: 12    God:
Gold:   0          SH:  0    Dex: 10    Spells: 2/3 levels left

rFire    . . .     SeeInvis .   a - +0 whip (pain)
rCold    . . .     Faith    .   (no shield)
rNeg     . . .     Spirit   .   c - +0 chain mail
rPois    .         Reflect  .   (helmet restricted)
rElec    .         Harm     .   (no cloak)
rCorr    .         Rampage  .   (no gloves)
Will     .....                  (no boots)
Stlth    ..........             e - amulet of the acrobat
HPRegen  0.07/turn              (no ring)
MPRegen  0.08/turn              (no ring)

@: no status effects
A: horns 2, retaliatory headbutt
a: no special abilities


You were on level 3 of the Dungeon.
You visited 1 branch of the dungeon, and saw 3 of its levels.

Inventory:

Hand Weapons
 a - a +0 whip of pain (weapon)
 b - a +0 hunting sling
Missiles
 d - 8 bolts
 f - 15 sling bullets
Armour
 c - a +0 chain mail (worn)
Jewellery
 e - an amulet of the acrobat (around neck)


   Skills:
 + Level 1.5 Fighting
 + Level 2.7 Dodging
 - Level 1.5 Stealth
 - Level 1.3 Spellcasting
 - Level 2.9 Necromancy


You had 2 spell levels left.
You knew the following spells:

 Your Spells              Type           Power      Damage    Failure   Level
a - Pain                  Necr           28%        1d5       99%         1

Your spell library contained the following spells:

 Spells                   Type           Power      Damage    Failure   Level
 Animate Skeleton         Necr           14%        N/A       99%         1
 Vampiric Draining        Necr           3%         2d6       100%        3
 Animate Dead             Necr           3%         N/A       100%        4
 Agony                    Necr           7%         N/A       100%        5


Dungeon Overview and Level Annotations

Branches:
Dungeon (3/15)

Altars:
Dithmenos
Gozag

Annotations:
D:2 Robin


Innate Abilities, Weirdness & Mutations

You have a pair of horns on your head.
You reflexively headbutt those who attack you in melee.


Message History

The kobold hits you with a +0 whip of pain.
Your chain mail prevents you from hitting the kobold.
Your headbutt misses the kobold. The kobold hits you but does no damage.
You miss the kobold. Your headbutt misses the kobold.
The kobold hits you but does no damage.
You hit the kobold.
You kill the kobold!
Things that are here:
a +0 whip of pain; a kobold corpse
g - a +0 whip of pain Adjust (i)tems, (s)pells, or (a)bilities?
g - a +0 whip of pain Adjust to which letter? (? for menu, Esc to quit)
a - a +0 whip of pain;
g - a +0 club (weapon)
Pain shudders through your arm!
a - a +0 whip of pain (weapon)
Drop what? 7/52 slots (_ for help) (? for menu, Esc to quit)
You drop a +0 club.
There is a stone staircase leading down here.
You climb downwards.
Level annotation: Robin The frilled lizard hisses angrily.
The hobgoblin shouts!
The ball python hisses angrily.
You hear an angry hiss.
An endoplasm comes into view.
Found 17 bolts, a leather armour, a ring mail and a chain mail.
Found a shadowy altar of Dithmenos.
Found a stone staircase leading down.
There is a stone staircase leading up here.
Found 2 scrolls labelled NANAZU ASEBA.
A frilled lizard comes into view.
There is a stone staircase leading down here.
The giant cockroach bites you but does no damage.
You climb downwards.
The orc shouts! x4; The kobold shouts!
Found a fizzy orange potion and a leather armour.
Found an opulent altar of Gozag.
There is a stone staircase leading up here.
The orc priest mumbles some strange prayers to Beogh against you.
Beogh smites you!
Ouch! That really hurt!
You die...

## #_##
...8##########
....##.......##
..8#K..o....#
##.........
#o........
#.@.......
#.o.......
.o..o......
............#
#............##
#......#######
......# .#..##


You could see an orc priest, 4 orcs and a kobold.

Vanquished Creatures
  A dart slug (D:1)
  A giant cockroach (D:1)
  A hobgoblin (D:1)
  A quokka (D:1)
  A frilled lizard (D:1)
  2 goblins (D:1)
  2 kobolds (D:1)
  A rat (D:1)
10 creatures vanquished.

Notes
Turn   | Place    | Note
-------+----------+-------------------------------------------
     0 | D:1      | nxtlvl the Minotaur Necromancer began the quest for the
                  | Orb.
     0 | D:1      | Reached XP level 1. HP: 14/14 MP: 1/1
   208 | D:1      | Reached skill level 1 in Fighting
   238 | D:2      | Noticed Robin
   245 | D:1      | Reached XP level 2. HP: 14/23 MP: 3/3
   269 | D:2      | Found a shadowy altar of Dithmenos.
   275 | D:3      | Found an opulent altar of Gozag.
   276 | D:3      | Killed from afar by an orc priest

Illustrated notes

Levels and vault maps discovered:
D:1:      nagdon_arrival_double_spiral, layout_loops_cross,
          minmay_misc_feat_encased, minmay_worlds_worst_comb
D:2:      layout_rooms, basic_altar, serial_shops,
          nicolae_shop_overgrown_old_shop, minmay_pentomino_r4, uniq_robin
D:3:      layout_rooms, nicolae_overflow_hidden_temple,
          ebering_ecumenical_altar_petrified

Skill      XL: |  1 |
---------------+----+-----
Fighting       | 1 |  1.5
Dodging        | |  2.7
Stealth        | |  1.5
Spellcasting   | |  1.3
Necromancy     | |  2.9

Action                   || total
-------------------------++-------
Melee: Club              ||    24
       Headbutt          ||     4
 Fire: Hunting sling     ||     1
Armor: Chain mail        ||    28
Dodge: Dodged            ||     7
